1808 views
Uploaded 2023-07-16 23:18:25
Game version 1.33
14:30 long 1on5 custom game on DI_sAI_0386_6v10za
Game name "컴까기 연구회"
Saved by silentstyle
1808 views
Uploaded 2023-07-16 23:18:25
Game version 1.33
14:30 long 1on5 custom game on DI_sAI_0386_6v10za
Game name "컴까기 연구회"


101 units @ 11.7k
/ 0.8k
67 buildings @ 10k
/ 3.7k

| Potion of Mana | 1 | 200 |
| Potion of Healing | 1 | 150 |
| Scroll of Town Portal | 1 | 350 |
| Staff of Teleportation | 1 | 150 |
| Sobi Mask | 1 | 400 |
| total: | 5 | 1250g |
| Wisp | 13 | 780 | / | 0 |
| Archer | 17 | 2210 | / | 170 |
| Goblin Shredder | 1 | 375 | / | 100 |
| total: | 31 | 3365g | / | 270w |
| Ancient of War | 4 | 600 | / | 240 |
| Moon Well | 10 | 1800 | / | 400 |
| Altar of Elders | 1 | 180 | / | 50 |
| Tree of Life | 1 | 340 | / | 185 |
| Hunter's Hall | 1 | 210 | / | 100 |
| Ancient of Wonders | 1 | 90 | / | 30 |
| Tree of Ages | 1 | 320 | / | 180 |
| Tree of Eternity | 1 | 330 | / | 200 |
| total: | 18 | 3220g | / | 1005w |
| 0:01 | Wisp |
| 0:01 | Wisp |
| 0:28 | Ancient of War |
| 0:33 | Moon Well |
| 0:43 | Altar of Elders |
| 0:58 | Wisp |
| 1:06 | Wisp |
| 1:16 | Wisp |
| 1:29 | Archer |
| 1:48 | Moon Well |
| 2:03 | Archer |
| 2:14 | Wisp |
| 2:24 | Summon Water Elemental |
| 2:28 | Wisp |
| 2:38 | Archer |
| 2:52 | Wisp |
| 2:53 | Archer |
| 2:58 | Wisp |
| 3:11 | Brilliance Aura |
| 3:26 | Tree of Life |
| 3:55 | Tree of Ages |
| 4:00 | Summon Water Elemental |
| 4:13 | Ancient of War |
| 4:13 | Archer |
| 4:26 | Moon Well |
| 5:08 | Goblin Shredder |
| 5:17 | Brilliance Aura |
| 5:34 | Archer |
| 5:35 | Moon Well |
| 5:40 | Wisp |
| 5:51 | Summon Water Elemental |
| 5:59 | Archer |
| 6:03 | Hunter's Hall |
| 6:20 | Tree of Eternity |
| 7:09 | Searing Arrows |
| 7:20 | Ancient of War |
| 7:45 | Archer |
| 7:57 | Moon Well |
| 8:22 | Archer |
| 8:49 | Wisp |
| 8:53 | Ancient of War |
| 8:56 | Mass Teleport |
| 9:16 | Healing Wave |
| 9:22 | War Stomp |
| 9:37 | Archer |
| 9:38 | Marksmanship |
| 9:39 | Improved Bows |
| 9:42 | Wisp |
| 9:51 | Wisp |
| 9:59 | Ancient of Wonders |
| 10:00 | Well Spring |
| 10:00 | Ultravision |
| 10:01 | Moon Armor |
| 10:13 | Moon Well |
| 10:27 | Moon Well |
| 10:43 | Archer |
| 10:50 | Archer |
| 10:55 | Strength of the Moon |
| 10:57 | Scroll of Town Portal |
| 10:58 | Staff of Teleportation |
| 11:31 | Moon Well |
| 12:02 | Potion of Mana |
| 12:02 | Potion of Healing |
| 12:16 | Archer |
| 12:53 | Archer |
| 12:57 | Moon Well |
| 12:59 | Moon Well |
| 13:01 | Improved Moon Armor |
| 13:03 | Archer |
| 13:05 | Archer |
| 13:32 | Sobi Mask |
| 13:51 | Archer |
| 14:18 | Trueshot Aura |
| Select group | 997 |
| Right click | 803 |
| Select | 462 |
| Build/train/purchase | 92 |
| Misc. action | 49 |
| Assign group | 33 |
| Chat | 30 |
| Use ability | 17 |
| Item give/drop | 8 |
| Esc | 6 |
| Select | 1 |
| Rod of Necromancy | 2 | 300 |
| Sacrificial Skull | 1 | 50 |
| Potion of Lesser Invulnerability | 1 | 150 |
| total: | 4 | 500g |
| Acolyte | 7 | 525 | / | 0 |
| Ghoul | 4 | 480 | / | 0 |
| Gargoyle | 6 | 1050 | / | 180 |
| total: | 17 | 2055g | / | 180w |
| Altar of Darkness | 1 | 180 | / | 50 |
| Ziggurat | 3 | 450 | / | 150 |
| Crypt | 3 | 600 | / | 150 |
| Graveyard | 1 | 215 | / | 0 |
| Tomb of Relics | 1 | 130 | / | 30 |
| Necropolis | 1 | 225 | / | 0 |
| Halls of the Dead | 1 | 320 | / | 210 |
| Black Citadel | 1 | 325 | / | 230 |
| total: | 10 | 1800g | / | 380w |
| 0:03 | Acolyte |
| 0:03 | Acolyte |
| 0:22 | Altar of Darkness |
| 0:23 | Ziggurat |
| 0:49 | Crypt |
| 1:17 | Graveyard |
| 1:40 | Tomb of Relics |
| 1:53 | Ghoul |
| 2:12 | Ghoul |
| 2:18 | Ziggurat |
| 2:28 | Storm Bolt |
| 2:42 | Rod of Necromancy |
| 2:43 | Backpack |
| 2:45 | Sacrificial Skull |
| 2:57 | Ghoul |
| 3:21 | Necropolis |
| 3:37 | Thunder Clap |
| 3:45 | Halls of the Dead |
| 4:11 | Ghoul |
| 4:20 | Storm Bolt |
| 4:29 | Ziggurat |
| 4:32 | Rod of Necromancy |
| 4:56 | Acolyte |
| 4:56 | Acolyte |
| 4:56 | Acolyte |
| 4:57 | Acolyte |
| 5:45 | Thunder Clap |
| 5:48 | Acolyte |
| 5:57 | Crypt |
| 6:00 | Crypt |
| 6:47 | Black Citadel |
| 7:27 | Gargoyle |
| 7:27 | Gargoyle |
| 7:50 | War Stomp |
| 8:08 | Gargoyle |
| 8:15 | Potion of Lesser Invulnerability |
| 8:37 | Storm Bolt |
| 8:41 | Gargoyle |
| 8:50 | Gargoyle |
| 9:05 | Gargoyle |
| 10:42 | Endurance Aura |
| 10:42 | War Stomp |
| 11:49 | Avatar |
| 13:21 | Endurance Aura |
| Select group | 1715 |
| Right click | 665 |
| Select | 198 |
| Misc. action | 124 |
| Build/train/purchase | 52 |
| Assign group | 28 |
| Use ability | 24 |
| Chat | 9 |
| Item give/drop | 1 |



| Potion of Healing | 1 | 150 |
| Scroll of Town Portal | 2 | 700 |
| Sacrificial Skull | 2 | 100 |
| Claws of Attack +6 | 1 | 125 |
| Tiny Farm | 6 | 0 |
| Tiny Altar of Kings | 1 | 0 |
| total: | 13 | 1075g |
| Peasant | 24 | 1800 | / | 0 |
| Gryphon Rider | 3 | 840 | / | 210 |
| Goblin Zeppelin | 1 | 240 | / | 60 |
| total: | 28 | 2880g | / | 270w |
| Scout Tower | 8 | 240 | / | 160 |
| Guard Tower | 6 | 420 | / | 300 |
| Farm | 5 | 400 | / | 100 |
| Lumber Mill | 1 | 120 | / | 0 |
| Arcane Vault | 4 | 520 | / | 120 |
| Blacksmith | 1 | 140 | / | 60 |
| Town Hall | 1 | 385 | / | 205 |
| Barracks | 1 | 160 | / | 60 |
| Gryphon Aviary | 5 | 700 | / | 750 |
| Keep | 1 | 320 | / | 210 |
| total: | 26 | 2665g | / | 1455w |
| 0:14 | Peasant |
| 0:16 | Farm |
| 0:17 | Lumber Mill |
| 0:20 | Peasant |
| 0:20 | Peasant |
| 0:51 | Peasant |
| 0:56 | Scout Tower |
| 0:57 | Scout Tower |
| 1:22 | Guard Tower |
| 1:24 | Scout Tower |
| 1:24 | Guard Tower |
| 1:30 | Peasant |
| 1:56 | Peasant |
| 1:56 | Peasant |
| 2:25 | Scout Tower |
| 2:29 | Peasant |
| 2:30 | Peasant |
| 2:31 | Improved Lumber Harvesting |
| 2:33 | Guard Tower |
| 2:34 | Scout Tower |
| 2:35 | Scout Tower |
| 2:41 | Guard Tower |
| 2:42 | Scout Tower |
| 2:43 | Scout Tower |
| 2:52 | Guard Tower |
| 3:03 | Guard Tower |
| 3:13 | Arcane Vault |
| 3:22 | Peasant |
| 3:34 | Tiny Farm |
| 3:35 | Sacrificial Skull |
| 3:35 | Sacrificial Skull |
| 3:57 | Tiny Altar of Kings |
| 4:13 | Peasant |
| 4:14 | Peasant |
| 4:21 | Blacksmith |
| 4:32 | Peasant |
| 4:43 | Summon Water Elemental |
| 4:46 | Farm |
| 4:50 | Tiny Farm |
| 5:19 | Farm |
| 5:32 | Brilliance Aura |
| 5:34 | Tiny Farm |
| 5:41 | Town Hall |
| 5:51 | Peasant |
| 6:06 | Peasant |
| 6:10 | Summon Water Elemental |
| 6:20 | Tiny Farm |
| 6:36 | Peasant |
| 6:41 | Peasant |
| 6:41 | Peasant |
| 6:54 | Peasant |
| 6:58 | Iron Forged Swords |
| 6:59 | Peasant |
| 7:12 | Keep |
| 7:35 | Brilliance Aura |
| 7:50 | Barracks |
| 7:53 | Arcane Vault |
| 8:02 | Goblin Zeppelin |
| 8:11 | Studded Leather Armor |
| 8:11 | Black Gunpowder |
| 8:14 | Arcane Vault |
| 8:16 | Arcane Vault |
| 8:17 | Summon Water Elemental |
| 8:41 | Tiny Farm |
| 9:12 | Farm |
| 9:12 | Farm |
| 9:37 | Storm Bolt |
| 9:42 | Gryphon Aviary |
| 9:43 | Gryphon Aviary |
| 9:43 | Gryphon Aviary |
| 9:44 | Gryphon Aviary |
| 9:44 | Gryphon Aviary |
| 9:46 | Advanced Lumber Harvesting |
| 10:14 | Claws of Attack +6 |
| 10:23 | Tiny Farm |
| 10:35 | Thunder Clap |
| 10:55 | Holy Light |
| 10:56 | Healing Wave |
| 11:06 | Gryphon Rider |
| 11:29 | Peasant |
| 11:29 | Peasant |
| 11:29 | Peasant |
| 11:30 | Peasant |
| 11:43 | Gryphon Rider |
| 11:52 | Scroll of Town Portal |
| 12:17 | Potion of Healing |
| 12:21 | Gryphon Rider |
| 12:40 | Storm Hammers |
| 14:34 | Scroll of Town Portal |
| Right click | 780 |
| Select | 393 |
| Select group | 234 |
| Build/train/purchase | 127 |
| Misc. action | 118 |
| Assign group | 38 |
| Use ability | 38 |
| Chat | 31 |
| Item give/drop | 4 |
| Esc | 1 |


| Healing Salve | 1 | 100 |
| Orb of Lightning | 1 | 375 |
| Lesser Clarity Potion | 3 | 210 |
| Scroll of Town Portal | 3 | 1050 |
| total: | 8 | 1735g |
| Peon | 12 | 900 | / | 0 |
| Grunt | 11 | 2200 | / | 0 |
| Shaman | 2 | 260 | / | 40 |
| total: | 25 | 3360g | / | 40w |
| Orc Burrow | 6 | 960 | / | 240 |
| Altar of Storms | 1 | 180 | / | 50 |
| War Mill | 1 | 205 | / | 0 |
| Barracks | 1 | 180 | / | 50 |
| Voodoo Lounge | 1 | 130 | / | 30 |
| Great Hall | 1 | 385 | / | 185 |
| Spirit Lodge | 1 | 150 | / | 150 |
| Tauren Totem | 1 | 135 | / | 155 |
| Stronghold | 1 | 315 | / | 190 |
| Fortress | 1 | 325 | / | 190 |
| total: | 13 | 2325g | / | 860w |
| 0:04 | Peon |
| 0:19 | Orc Burrow |
| 0:26 | Altar of Storms |
| 0:43 | Peon |
| 1:01 | Peon |
| 1:12 | Peon |
| 1:24 | Peon |
| 1:36 | War Mill |
| 1:40 | Peon |
| 2:07 | Barracks |
| 2:10 | Peon |
| 2:28 | Endurance Aura |
| 2:35 | Orc Burrow |
| 2:44 | Peon |
| 3:07 | Voodoo Lounge |
| 3:10 | Grunt |
| 3:12 | Pillage |
| 3:36 | Shockwave |
| 4:00 | Stronghold |
| 4:03 | Grunt |
| 4:33 | Grunt |
| 4:48 | Endurance Aura |
| 5:11 | Great Hall |
| 5:21 | Orc Burrow |
| 5:27 | Healing Salve |
| 5:57 | Grunt |
| 6:09 | Shockwave |
| 6:26 | Healing Wave |
| 6:32 | Berserker Strength |
| 6:35 | Fortress |
| 6:54 | Hex |
| 7:09 | Grunt |
| 7:14 | Steel Melee Weapons |
| 7:51 | Grunt |
| 7:53 | Spirit Lodge |
| 8:01 | Peon |
| 8:01 | Peon |
| 8:01 | Peon |
| 8:02 | Peon |
| 8:41 | Grunt |
| 8:43 | Thorium Melee Weapons |
| 8:43 | Steel Armor |
| 9:07 | Healing Wave |
| 9:09 | Grunt |
| 9:12 | Shaman Adept Training |
| 9:20 | Orb of Lightning |
| 9:31 | Scroll of Town Portal |
| 10:12 | Shaman Master Training |
| 10:14 | Grunt |
| 10:35 | Orc Burrow |
| 10:38 | Grunt |
| 10:55 | Orc Burrow |
| 11:06 | Scroll of Town Portal |
| 11:32 | Shockwave |
| 12:23 | Scroll of Town Portal |
| 12:27 | Lesser Clarity Potion |
| 12:27 | Lesser Clarity Potion |
| 12:37 | Shaman |
| 12:43 | Grunt |
| 12:45 | Shaman |
| 12:49 | Tauren Totem |
| 12:55 | Orc Burrow |
| 13:03 | Lesser Clarity Potion |
| Select group | 1056 |
| Right click | 668 |
| Select | 439 |
| Misc. action | 169 |
| Build/train/purchase | 57 |
| Assign group | 44 |
| Use ability | 29 |
| Chat | 28 |
| Resource trade | 8 |
| Item give/drop | 7 |
⇛